 Dungeon Crawl Stone Soup version 0.31.0-9-g3a7656b989 (webtiles) character file.

Game seed: 9246058418533862795

35 Killerpretzel the Scratcher (level 3, 18/18 HPs)
             Began as a Felid Shapeshifter on Feb 5, 2024.
             Quit the game on level 2 of the Dungeon.
             The game lasted 00:02:46 (841 turns).

Killerpretzel the Scratcher (Felid Shapeshifter)     Turns: 841, Time: 00:02:47

Health: 18/18      AC:  1    Str: 10    XL:     3   Next: 17%
Magic:  4/4        EV: 18    Int: 13    God:
Gold:   93         SH:  0    Dex: 17    Spells: 2/2 levels left
                                        Lives:  0   Deaths: 1

rFire   . .          .
                       - Unarmed
rCold   . . .        (shield unavailable)
rNeg    . . .        (body armour unavailable)
rPois   .            (helmet unavailable)
rElec   .            (cloak unavailable)
rCorr   .            (gloves unavailable)
SInv    +            (boots unavailable)
Will    .....        (no amulet)
Stlth   ++           (no ring)
HPRegen 0.23/turn    (no ring)
MPRegen 0.09/turn

%: no passive effects
@: beast-form
A: beast (slay +1), very small, claws 1, fangs 3, see invisible, shaggy fur 1,
stealthy paws, no weapons or thrown items, no armour, multi-lived
a: Begin Untransformation


You were on level 2 of the Dungeon.
You were a hulking beast.
You visited 1 branch of the dungeon, and saw 2 of its levels.

You collected 93 gold pieces.

Inventory:

Talismans
 b - a beast talisman
 c - a flux talisman
Scrolls
 h - a scroll of amnesia {unknown}
Potions
 a - a potion of lignification
 d - 2 potions of degeneration {unknown}
 e - a potion of attraction {unknown}
 f - a potion of curing {unknown}
 g - a potion of enlightenment {unknown}
 i - a potion of mutation {unknown}


   Skills:
 + Level 1.6 Fighting
 + Level 3.2 Dodging
 + Level 3.3 Unarmed Combat
 * Level 3.1 Shapeshifting


You had 2 spell levels left.
You didn't know any spells.
Your spell library contained the following spells:

 Spells                   Type           Power      Damage    Failure   Level
 Necrotise                Necr           0%         1d4       30%         1
 Vampiric Draining        Necr           0%         2d6       67%         3
 Martyr's Knell           Necr/Summ      0%         N/A       97%         4
 Curse of Agony           Necr           0%         N/A       100%        5


Dungeon Overview and Level Annotations

Branches:
Dungeon (2/15)

Altars:

Shops:
D:1 :   D:2 (

Annotations:
D:2 Sigmund


Innate Abilities, Weirdness & Mutations

You are a hulking beast.
Your limbs bulge with bestial killing power. (Slay +1)
You have sharp claws.
You have razor-sharp teeth.
You have supernaturally acute eyesight. (SInv)
You are covered in fur. (AC +1)
Your paws help you pounce on unaware monsters.
You are incapable of wielding weapons or throwing items.
You cannot wear armour.
You gain extra lives every three experience levels.


Message History

You scratch the kobold.
You kill the kobold!
Sigmund is nearby!
Things that are here:
a +2 dagger of freezing; a kobold corpse Sigmund is nearby!
Sigmund is nearby!
Things that are here:
a +2 dagger of freezing; a kobold corpse Sigmund casts a spell at you.
You are confused.
Sigmund gestures at you while chanting. You resist with some effort.
You bump into the rock wall.
Sigmund points at you and mumbles some strange words.
The magic dart hits you! Sigmund closely misses you.
You are too confused!
You feel less confused.
Sigmund hits you with a +8 scythe of protection!
* * * LOW HITPOINT WARNING * * *
Sigmund giggles. "Time to reap what you sow."
Sigmund casts a spell at you.
You are confused.
Sigmund completely misses you.
Sigmund hits you with a +8 scythe of protection.
* * * LOW HITPOINT WARNING * * *
Sigmund misses you.
You feel less confused.
Sigmund screams, "Don't try to resist!"
Sigmund attacks as he pursues you! Sigmund closely misses you.
There is a stone staircase leading up here.
Sigmund gestures at you while chanting. The magic dart hits you.
You stop ascending the stairs.
You die...
Your shape twists and changes as you die.
You rejoin the land of the living...
Are you sure you want to abandon this character and quit the game? (Confirm with "yes".)
Okay, then.
Are you sure you want to abandon this character and quit the game? (Confirm with "yes".)

########
#......#
#......#
#......#
#......#####
####.<........#
#..$$........#
#............#
#......h.....#
#.........##..#
#...##...##
##.# ##... ..
#...# .#... .
.... # #...#


There were no monsters in sight!

Vanquished Creatures
  An adder (D:2)
  A dart slug (D:1)
  2 bats (D:1)
  2 endoplasms
  5 giant cockroaches (D:1)
  5 goblins
  2 hobgoblins
  A frilled lizard (D:1)
  A kobold (D:2)
  A rat (D:1)
21 creatures vanquished.

Notes
Turn   | Place    | Note
-------+----------+-------------------------------------------
     0 | D:1      | Killerpretzel the Felid Shapeshifter began the quest for
                  | the Orb.
     0 | D:1      | Reached XP level 1. HP: 10/10 MP: 2/2
   135 | D:1      | Reached XP level 2. HP: 14/14 MP: 3/3
   135 | D:1      | Found Natzaoxe's Book Emporium.
   763 | D:2      | Reached XP level 3. HP: 14/18 MP: 4/4
   810 | D:2      | Found Bialugur's Weapon Shop.
   816 | D:2      | Noticed Sigmund
   840 | D:2      | Killed from afar by Sigmund
   840 | D:2      | Lost a life (0 lives remaining)
   841 | D:2      | Quit the game

Illustrated notes

Levels and vault maps discovered:
D:1:      wheals_arrival_linesprint, layout_rooms, serial_shops, shop,
          minmay_worlds_worst_comb
D:2:      minmay_door_path, layout_rooms, serial_shops, shop, uniq_sigmund,
          uniq_robin

Skill      XL: |  1  2 |
---------------+-------+-----
Dodging        | 3 |  3.2
Shapeshifting  | 3 |  3.1
Fighting       | |  1.6
Unarmed Combat | |  3.3

Action                     || total
---------------------------++-------
  Melee: Unarmed           ||    50
         Bite              ||     2
         Punch             ||     1
   Stab: Sleeping          ||     2
 Armour: Skin              ||    17
  Dodge: Dodged            ||    39
